 Dungeon Crawl Stone Soup version 0.28.0-43-g3370ac3207 (webtiles) character file.

Game seed: 2449803725480213387

64733 cbfl8 the Slicer (level 14, -3/111 HPs)
             Began as a Vampire Delver on Mar 20, 2022.
             Was a Follower of Yredelemnul.
             Succumbed to a +3 halberd of venom's poison
             ... on level 1 of the Elven Halls.
             The game lasted 00:59:07 (27856 turns).

cbfl8 the Slicer (Vampire Delver)                  Turns: 27856, Time: 00:59:07

Health: -3/111     AC: 26    Str: 15    XL:     14   Next: 72%
Magic:  15/15      EV: 18    Int: 14    God:    Yredelemnul [*.....]
Gold:   1723       SH:  5    Dex: 15    Spells: 13/13 levels left

rFire   . . .      SeeInvis +   a - +8 frozen axe "Frostbite" {freezing cloud, *Noise Fly rC+}
rCold   + . .      Faith    .   (shield currently unavailable)
rNeg    + . .      Spirit   .   C - +1 pearl dragon scales
rPois   .          Reflect  +   K - +2 hat
rElec   .          Harm     .   d - +2 cloak
rCorr   .          Rampage  .   F - +2 pair of gloves {Stlth+}
Will    +....                   U - +1 pair of boots
Stlth   ++++......              e - amulet of reflection
HPRegen 0.48/turn               r - +4 ring of evasion
MPRegen 0.14/turn               u - +4 ring of slaying

@: lethally poisoned (-3 -> -47), flying, healing quickly, studying Dodging
A: alive, fangs 3, see invisible, vampiric 2
a: Exsanguinate, Renounce Religion, Recall Undead Harvest


You were on level 1 of the Elven Halls.
You worshipped Yredelemnul.
Yredelemnul was noncommittal.
You visited 6 branches of the dungeon, and saw 23 of its levels.
You also visited: Bailey.

You collected 1798 gold pieces.
You spent 75 gold pieces at shops.

Inventory:

Hand Weapons
 a - the +8 frozen axe "Frostbite" (weapon) {freezing cloud, *Noise Fly rC+}
   (You found it on level 4 of the Lair of Beasts)

   It freezes those it strikes, dealing additional cold damage.
   It can also slow down cold-blooded creatures.
   It occasionally leaves clouds of freezing vapour upon striking a foe.
   It grants immunity to clouds of freezing vapour.
   rC:        It protects you from cold.
   Fly:       It grants you flight.
   *Noise:    It may make noises in combat.
 m - the +8 short sword of the Past {elec, Str+3}
   (You found it on level 4 of the Dungeon)

   It occasionally discharges a powerful burst of electricity upon striking a
   foe.
   Str:       It affects your strength (+3).
Armour
 d - a +2 cloak (worn)
 o - a +1 hat
 C - +1 pearl dragon scales (worn)
 F - a +2 pair of gloves of stealth (worn)
 I - a +0 pair of boots
 K - a +2 hat (worn)
 U - a +1 pair of boots (worn)
Jewellery
 e - an amulet of reflection (around neck)
 r - a +4 ring of evasion (left hand)
 s - a +4 ring of evasion
 u - a +4 ring of slaying (right hand)
 J - a ring of fire
 L - a ring of magical power
 Q - an amulet of regeneration
 R - a ring of magical power
Wands
 g - a wand of digging (3)
 i - a wand of charming (6)
 k - a wand of flame (18) (quivered)
 l - a wand of iceblast (21)
 y - a wand of mindburst (5)
 D - a wand of paralysis (13)
Scrolls
 b - 4 scrolls of identify
 c - 5 scrolls of fog
 h - 2 scrolls of noise
 j - 8 scrolls of teleportation
 n - 6 scrolls of amnesia
 p - 5 scrolls of immolation
 v - 4 scrolls of brand weapon
 z - a scroll of fear
 E - 5 scrolls of enchant weapon
 G - a scroll of acquirement
Potions
 t - a potion of might
 x - 3 potions of lignification
 A - 2 potions of flight
 B - 2 potions of resistance
 H - 4 potions of mutation
 N - 2 potions of magic
 P - a potion of ambrosia
 S - a potion of attraction
 T - 2 potions of brilliance
Miscellaneous
 M - a lightning rod (4/4)


   Skills:
 + Level 10.8 Fighting
 + Level 13.0(13.2) Short Blades
 + Level 3.1(8.3) Long Blades
 + Level 10.8 Axes
 + Level 10.0 Armour
 + Level 11.7 Dodging
 - Level 11.5 Stealth
 + Level 7.1 Shields
 + Level 2.1 Invocations
 + Level 1.1 Evocations


You had 13 spell levels left.
You didn't know any spells.
Your spell library contained the following spells:

 Spells                   Type           Power      Damage    Failure   Level
 Magic Dart               Conj           0%         1d3       73%         1
 Call Imp                 Summ           0%         N/A       86%         2
 Dazzling Flash           Conj/Hex       0%         N/A       97%         3
 Mephitic Cloud           Conj/Pois/Air  0%         N/A       97%         3
 Portal Projectile        Hex/Tloc       0%         N/A       97%         3
 Animate Dead             Necr           0%         N/A       100%        4
 Iskenderun's Mystic Bla  Conj/Tloc      0%         2d3       100%        4
 Petrify                  Tmut/Erth      0%         N/A       100%        4
 Alistair's Intoxication  Tmut/Pois      0%         N/A       100%        5
 Blade Hands              Tmut           0%         N/A       100%        5
 Borgnjor's Vile Clutch   Necr/Erth      0%         N/A       100%        5
 Excruciating Wounds      Necr           0%         N/A       100%        5
 Eringya's Noxious Bog    Tmut/Pois      0%         N/A       100%        6
 Iron Shot                Conj/Erth      0%         9d1       100%        6
 Starburst                Conj/Fire      0%         6d3       100%        6
 Haunt                    Necr/Summ      0%         N/A       100%        7
 Infestation              Necr           0%         N/A       100%        8


Dungeon Overview and Level Annotations

Branches:
Dungeon (14/15) Temple (1/1) D:5 Lair (4/6) D:9 Snake (1/4) Lair:3 Orc (2/2) D:9 Elf (1/3) Orc:2 Vaults (0/5) D:13 D:14 Bailey (visited) Swamp: Lair:2-4 Shoals: Lair:2-4

Altars:
Ashenzari
Cheibriados
Dithmenos
Elyvilon
Fedhas
Gozag
Hepliaklqana
Kikubaaqudgha
Makhleb
Nemelex Xobeh
Okawaru
Qazlal
Ru
Sif Muna
Trog
Uskayaw
Vehumet
Wu Jian
Xom
Yredelemnul
Zin
The Shining One
Beogh

Shops:
D:6 [   D:10 :   Orc:2 (??:(

Annotations:
D:10 1 runed translucent door, ArthosElwyn's ghost, journeyman MiGl
D:13 exclusion: 2 oklob plants


Innate Abilities, Weirdness & Mutations

Your natural rate of healing is accelerated.
You have razor-sharp teeth.
You have supernaturally acute eyesight. (SInv)
You are afflicted with vampirism and can become a bat while bloodless.


Message History

There is an open door here.
You reach down and open the door.
There is an open door here.
You swap places.
There is an open door here.
You reach down and open the door.
There is an open door here.
You swap places.
There is an open door here.
You reach down and open the door.
There is an open door here.
A +3 halberd of venom comes into view.
The +3 halberd of venom hits you from afar!
The +3 halberd of venom hits you!!
You block the +3 halberd of venom's attack.
You hit the +3 halberd of venom.
You hear the gusting winds of a squall.
The +3 halberd of venom is lightly damaged.
The +3 halberd of venom hits you!
You are poisoned.
The +3 halberd of venom hits you!
You hit the +3 halberd of venom but do no damage.
The +3 halberd of venom is lightly damaged.
You feel very sick. The +3 halberd of venom hits you!
* * * LOW HITPOINT WARNING * * *
You are lethally poisoned!
You hit the +3 halberd of venom but do no damage.
* * * LOW HITPOINT WARNING * * *
You feel extremely sick.
The +3 halberd of venom hits you but does no damage.
You are more poisoned.
The +3 halberd of venom is engulfed in freezing vapours.
The +3 halberd of venom hits you.
* * * LOW HITPOINT WARNING * * *
You are more poisoned.
You slash the +3 halberd of venom!
The +3 halberd of venom is moderately damaged.
You die...
Yredelemnul claims you as an undead slave.

#.#*,,,....#.#.#.**
##.#*,,..).......,,*
#..##,,,,,,>*,*,*,**
#...+,,,,,,,,+,,,**
##.##,,,,,,,,***,*
#.#**,,,,,,,* *,* #.#
*+#***+** *,* **
#######.###.###*,****,***,
#.......Z@(...#*,,,,,,**,,
########.###.....,,,,,,,,,
#.# **+###***,***+* #.#
*,,,,,* *,*,,,,
#.#**,,,,,***,*,,,,
#..,+,,,,,*,,,*,,,,
###,*,,,,,+,,,+,,,* ****
**+**,,,,*,***,,** **,,**
**,,,,,*+**,* ****


You could see a +3 halberd of venom (ally target) and a friendly deep elf
pyromancer zombie.

Vanquished Creatures
  An orc warlord (Orc:1)
  The ghost of Pamiuf the Slicer, a journeyman KoSu of Ru (Lair:2)
  3 boulder beetles
  2 hydras
  An anaconda (Snake:1)
  A catoblepas (Lair:3)
  2 centaur warriors
  A death knight (D:12)
  6 two-headed ogres
  A dancing weapon (Elf:1)
  A death yak (Lair:3)
  A shock serpent (Snake:1)
  Sonja (D:10)
  An orc high priest (Orc:1)
  A deep elf archer (Elf:1)
  Pikel (D:8)
  13 orc knights
  3 deep elf pyromancers
  4 orc sorcerers
  An ugly thing (D:12)
  3 oklob plants (D:13)
  3 cyclopes
  6 elephants
  A naga mage (Snake:1)
  2 black mambas
  An unseen horror (D:12)
  8 cane toads
  2 kobold demonologists (D:9)
  3 komodo dragons
  A freezing wraith (D:12)
  6 wandering mushrooms (D:13)
  2 meliai (D:13)
  9 trolls
  2 hornets
  A boulder beetle zombie (D:13)
  4 dream sheep (Lair:3)
  24 blink frogs
  Prince Ribbit (D:8)
  An air elemental (Elf:1)
  A meliai zombie (D:13)
  A water elemental (Elf:1)
  2 wyverns
  2 shadows
  4 wraiths
  27 yaks
  7 basilisks
  13 humans (D:13)
  9 vampire mosquitoes
  2 steam dragons
  3 nagas (Lair:3)
  An acid dragon (D:11)
  4 wargs
  7 water moccasins
  An ice beast (D:7)
  39 orc warriors
  A black bear (D:9)
  2 sky beasts
  A necrophage (D:5)
  5 wolves (Lair:2)
  6 ogres
  15 centaurs
  2 kobold brigands
  3 lemures (D:8)
  A phantom (D:7)
  16 bullfrogs
  A gnoll sergeant (D:6)
  A cyclops zombie (D:13)
  A scorpion (D:5)
  4 killer bees (D:7)
  A troll zombie (Orc:1)
  8 wights
  An electric eel (D:13)
  3 centaur zombies
  3 bullfrog zombies
  2 centaur skeletons
  A hound (D:5)
  2 jellies
  13 orc priests
  2 bullfrog skeletons
  2 iguanas
  Terence (D:3)
  17 orc wizards
  A hound zombie (D:5)
  A howler monkey zombie (D:10)
  A howler monkey skeleton (D:4)
  11 gnolls
  6 adders
  2 white imps
  2 ufetubi
  5 dart slugs
  58 orcs
  5 ball pythons
  5 bats
  9 endoplasms
  3 giant cockroaches
  9 goblins
  10 hobgoblins
  5 jackals
  2 quokkas
  4 frilled lizards
  14 kobolds
  An orc zombie (Orc:1)
  4 rats
  A spectral goblin (D:2)
523 creatures vanquished.

Vanquished Creatures (collateral kills)
  A hydra (Lair:2)
  A boulder beetle (D:12)
  A cyclops (D:13)
  4 wandering mushrooms
  A troll (Orc:1)
  A meliai (D:13)
  A basilisk (Lair:2)
  3 humans (D:13)
  A vampire mosquito (D:13)
  7 orc warriors
  4 ogres
  A wight (D:10)
  An electric eel (D:13)
  3 orc priests (Orc:1)
  17 orcs
  An orc zombie (Orc:1)
48 creatures vanquished.

Vanquished Creatures (others)
  3 two-headed ogre zombies (D:13)
  An elf zombie (D:13)
  4 vampire mosquito zombies (D:13)
  3 warg zombies
  A yak zombie (D:12)
  A human zombie (D:13)
  An orc wizard (D:11)
  3 ogre zombies (Orc:1)
  An electric eel zombie (D:13)
  44 orc zombies
  9 fungi
  26 plants
97 creatures vanquished.

Grand Total: 668 creatures vanquished

Notes
Turn   | Place    | Note
-------+----------+-------------------------------------------
     0 | D:5      | cbfl8 the Vampire Delver began the quest for the Orb.
     0 | D:5      | Reached XP level 1. HP: 17/17 MP: 1/1
    40 | D:5      | Found a staircase to the Ecumenical Temple.
    54 | Temple   | Entered the Ecumenical Temple
    59 | Temple   | Noticed an electric eel
    63 | Temple   | Noticed an electric eel
    66 | Temple   | Noticed an electric eel
    67 | Temple   | Noticed an electric eel
    95 | Temple   | Noticed an electric eel
   119 | Temple   | Noticed an electric eel
   203 | Temple   | Became a worshipper of Fedhas Madash
   491 | D:4      | Reached XP level 2. HP: 22/23 MP: 2/2
   849 | D:4      | Identified the +8 short sword of the Past {elec, Str+3}
   920 | D:4      | Gained mutation: You are afflicted with vampirism and can
                  | become a bat while bloodless. [Vampire growth]
   920 | D:4      | Reached XP level 3. HP: 28/28 MP: 3/3
  1062 | D:4      | Reached XP level 4. HP: 34/34 MP: 4/4
  1073 | D:4      | Reached skill level 1 in Armour
  1083 | D:4      | Reached XP level 5. HP: 35/41 MP: 5/5
  1314 | D:3      | Noticed Terence
  1321 | D:3      | Killed Terence
  1344 | D:3      | Reached skill level 1 in Short Blades
  1347 | D:3      | Reached * piety under Fedhas
  2292 | D:2      | Reached XP level 6. HP: 47/47 MP: 6/6
  2350 | D:2      | Reached skill level 2 in Short Blades
  2403 | D:2      | Reached ** piety under Fedhas
  2474 | D:2      | Found a faded altar of an unknown god.
  3289 | D:5      | Reached skill level 3 in Short Blades
  3750 | D:5      | Reached XP level 7. HP: 42/52 MP: 7/7
  3805 | D:5      | Reached skill level 4 in Short Blades
  4106 | D:5      | Noticed a +0 spear
  4107 | D:5      | Noticed a +0 spear
  4121 | D:5      | Found a hide-covered altar of Uskayaw.
  4121 | D:5      | Noticed a +0 short sword
  4128 | D:5      | Noticed a +0 short sword
  4131 | D:5      | Noticed a +0 dagger
  4131 | D:5      | Noticed a +0 falchion
  4131 | D:5      | Noticed a +0 dagger
  4131 | D:5      | Noticed a +0 falchion
  4376 | D:5      | Reached skill level 5 in Short Blades
  4867 | D:6      | Found a radiant altar of Vehumet.
  4873 | D:6      | You fall into a shaft and drop 1 floor!
  4895 | D:7      | Reached XP level 8. HP: 58/60 MP: 8/8
  4903 | D:7      | Reached *** piety under Fedhas
  4971 | D:7      | Reached skill level 6 in Short Blades
  5017 | D:7      | Noticed a hornet
  5020 | D:7      | Paralysed by a hornet for 1 turns
  5026 | D:7      | Killed a hornet
  5106 | D:7      | Found a bloodstained altar of Trog.
  5118 | D:7      | Reached skill level 7 in Short Blades
  5313 | D:7      | Reached skill level 1 in Shields
  5452 | D:7      | Reached skill level 8 in Short Blades
  5747 | D:8      | Reached XP level 9. HP: 58/66 MP: 9/9
  5864 | D:8      | Noticed Prince Ribbit
  6006 | D:8      | Killed Prince Ribbit
  6085 | D:8      | Reached skill level 5 in Fighting
  6085 | D:8      | Reached skill level 5 in Armour
  6227 | D:8      | Reached skill level 9 in Short Blades
  6324 | D:8      | Noticed Pikel
  6415 | D:8      | Found a sacrificial altar of Ru.
  6441 | D:8      | Killed Pikel
  6442 | D:8      | Reached skill level 10 in Stealth
  6734 | D:9      | Found a flagged portal.
  6746 | D:9      | Reached **** piety under Fedhas
  6753 | Bailey   | Entered a bailey
  6856 | Bailey   | Noticed an orc sorcerer
  7149 | Bailey   | Noticed an orc knight
  7167 | Bailey   | Killed an orc knight
  7168 | Bailey   | Reached skill level 1 in Invocations
  7168 | Bailey   | Reached XP level 10. HP: 36/66 MP: 10/10
  7273 | Bailey   | Noticed an orc knight
  7285 | Bailey   | Noticed a sun demon
  7288 | Bailey   | Killed an orc knight
  7289 | Bailey   | Reached skill level 10 in Short Blades
  7289 | Bailey   | Reached skill level 5 in Dodging
  7293 | Bailey   | Killed an orc sorcerer
  7743 | Bailey   | Found an iron altar of Okawaru.
  7743 | Bailey   | Noticed an orc sorcerer
  7743 | Bailey   | Noticed an orc knight
  7963 | Bailey   | Identified the +1 chain mail "Poeged" {rF++ rN+ Stlth+}
  7990 | Bailey   | Killed an orc knight
  8045 | Bailey   | Killed an orc sorcerer
  8046 | Bailey   | Reached skill level 1 in Evocations
  8080 | Bailey   | Got Miotuj's Reference Book on Shifting Combat Magic
  8733 | D:9      | Found an ancient bone altar of Kikubaaqudgha.
  8789 | D:9      | Found an ornate altar of the Wu Jian Council.
  8872 | D:9      | Noticed an elephant
  8873 | D:9      | Found a staircase to the Lair.
  8889 | D:9      | Noticed a rust devil
  8895 | D:9      | Reached skill level 11 in Short Blades
  8898 | D:9      | Found a staircase to the Orcish Mines.
  8999 | D:9      | Killed an elephant
  9191 | D:9      | Reached XP level 11. HP: 83/83 MP: 12/12
  9615 | D:10     | Entered Level 10 of the Dungeon
  9633 | D:9      | Paralysed by a hornet for 1 turns
 10197 | D:10     | Noticed Sonja
 10219 | D:10     | Killed Sonja
 10601 | D:10     | Found Roweatoh's Book Boutique.
 10657 | D:10     | Noticed a boulder beetle
 10664 | D:10     | Killed a boulder beetle
 10989 | D:10     | Noticed a two-headed ogre
 11030 | D:10     | Reached skill level 12 in Short Blades
 11040 | D:10     | Reached ***** piety under Fedhas
 11102 | D:10     | Killed a two-headed ogre
 11187 | D:10     | Found a runed translucent door.
 11189 | D:10     | Noticed ArthosElwyn's ghost (journeyman MiGl)
 11422 | D:11     | Reached XP level 12. HP: 88/92 MP: 13/13
 11632 | Lair:1   | Entered Level 1 of the Lair of Beasts
 12019 | Lair:1   | Reached skill level 5 in Shields
 12760 | Lair:2   | Noticed an eight-headed hydra
 12776 | Lair:2   | Killed an eight-headed hydra
 12777 | Lair:2   | Reached skill level 10 in Dodging
 13224 | Lair:2   | Noticed a six-headed hydra
 13239 | Lair:2   | Killed a six-headed hydra
 13375 | Lair:2   | You fall into a shaft and drop 2 floors!
 13375 | Lair:4   | Noticed a seven-headed hydra
 13380 | Lair:4   | Found the +8 frozen axe "Frostbite" {freezing cloud, *Noise
                  | Fly rC+}
 13393 | Lair:4   | Killed a seven-headed hydra
 13409 | Lair:4   | Reached skill level 13 in Short Blades
 13572 | Lair:4   | Noticed a death yak
 13573 | Lair:4   | Noticed a catoblepas
 13599 | Lair:3   | Killed a catoblepas
 13612 | Lair:3   | Killed a death yak
 13613 | Lair:3   | Reached skill level 1 in Axes
 13613 | Lair:3   | Reached XP level 13. HP: 18/101 MP: 14/14
 14344 | Lair:2   | Found a runed translucent door.
 14442 | Lair:2   | Noticed Pamiuf's ghost (journeyman KoSu)
 14456 | Lair:2   | Killed Pamiuf's ghost
 14485 | Lair:3   | Found a staircase to the Snake Pit.
 15027 | Lair:3   | Reached skill level 5 in Axes
 15498 | Snake:1  | Entered Level 1 of the Snake Pit
 16293 | D:6      | Reached ****** piety under Fedhas
 16295 | D:6      | Found Goskaat's Antique Armour Boutique.
 16396 | Temple   | Fell from the grace of Fedhas
 16396 | Temple   | Became a worshipper of Yredelemnul the Dark
 20508 | D:11     | Reached * piety under Yredelemnul
 21282 | D:12     | Reached ** piety under Yredelemnul
 21375 | D:12     | Reached *** piety under Yredelemnul
 21614 | D:12     | Found a sparkling altar of Nemelex Xobeh.
 21801 | D:13     | Reached skill level 10 in Fighting
 22465 | D:13     | Reached XP level 14. HP: 110/110 MP: 15/15
 23639 | D:14     | Found a gate to the Vaults.
 24678 | Orc:1    | Entered Level 1 of the Orcish Mines
 24863 | Orc:1    | Noticed an orc warlord
 25075 | Orc:1    | Killed an orc warlord
 25465 | Orc:1    | Reached **** piety under Yredelemnul
 25470 | Orc:1    | Reached ***** piety under Yredelemnul
 25943 | Orc:2    | Entered Level 2 of the Orcish Mines
 26015 | Orc:2    | Found a staircase to the Elven Halls.
 26053 | Orc:2    | Reached skill level 10 in Axes
 26499 | Orc:2    | Found Yhig's Weapon Shop.
 26499 | Orc:2    | Found Gonoiwuu's Book Emporium.
 26724 | Orc:2    | Found Opheumob's Weapon Emporium.
 26853 | Orc:2    | Found Utonixzi's Magic Scroll Emporium.
 27242 | Orc:2    | Bought a scroll of enchant armour for 75 gold pieces
 27258 | Orc:2    | Found Vabyuw's Magic Scroll Shop.
 27429 | Elf:1    | Entered Level 1 of the Elven Halls
 27445 | Elf:1    | Paralysed by an air elemental for 1 turns
 27448 | Elf:1    | Paralysed by an air elemental for 1 turns
 27752 | Elf:1    | Reached skill level 10 in Armour
 27856 | Elf:1    | Succumbed to a +3 halberd of venom's poison

Illustrated notes

Levels and vault maps discovered:
D:1:      dpeg_arrival_long_road, layout_basic
D:2:      layout_basic, dreamdust_ecumenical_altar_drowned_temple
D:3:      layout_basic, kennysheep_nondescript, hangedman_decor_clover_reticule,
          grunt_decor_arrowhead, minmay_pentangle, uniq_terence
D:4:      layout_basic
D:5:      layout_layer_cave, nicolae_uskayaw_en_pointe, temple_green,
          chequers_serial_rivers_small_b
D:6:      layout_basic, mainiacjoe_overflow_brackets, serial_shops,
          kennysheep_mini_moat
D:7:      layout_basic, nicolae_overflow_crystal_walls, minmay_misc_feat_roman,
          grunt_decor_mini_mirrors
D:8:      layout_rooms, nicolae_ru_path_of_blood, uniq_pikel,
          uniq_prince_ribbit1
D:9:      layout_stronghold, mainiacjoe_overflow_swirl, david_lair_generic,
          orc_0_dummy, serial_glass, glass_columns_a, glass_columns_a,
          glass_columns_a, glass_columns_b, glass_columns_b, glass_columns_a,
          enter_bailey_5
D:10:     minmay_four_partial_circles, layout_irregular_city, serial_shops,
          shop, ebering_ghost_reflecting_pool, chequers_serial_rivers_room_b,
          nicolae_fountain_basement, uniq_sonja
D:11:     layout_rooms
D:12:     layout_basic, nemelex_altar_shiori
D:13:     nicolae_cairo_tiling, layout_basic, hangedman_decor_slide_cut
D:14:     layout_gridville, david_vaults_3, maelrawn_ghost_gauntlet_escape,
          chequers_decorated_corner
Temple:   compressed_dpeg_circular_temple
Lair:1:   layout_gridlike, grunt_megastairs_1, lemuel_fruit_tree
Lair:2:   layout_regular_city, ebering_ghost_reflecting_pool
Lair:3:   layout_cave_pods, minmay_snake_entry_guardpost_small,
          nicolae_volcano_entry_two_sided, infiniplex_staircase_pool
Lair:4:   layout_hall_layers, elwin_shoals_entry_rocks,
          chequers_serial_rivers_room_b, nicolae_lair_yak_garden
Snake:1:  layout_basic, gammafunk_ghost_grave, serial_bayou_pond_b,
          st_stairs_12, grunt_megastairs_4
Orc:1:    layout_caves, minmay_orc_temple_c
Orc:2:    st_orc_town, layout_caves, serial_shops, shop
Elf:1:    layout_gridlike, orc_legates, st_stairs_12

Skill      XL: |  1  2  3  4  5  6  7  8  9 10 11 12 13 14 |
---------------+-------------------------------------------+-----
Stealth        | 8 9 10 11 | 11.5
Fighting       | 3 4 5 6 7 9 10 | 10.8
Armour         | 1 2 3 4 5 6 7 9 10 | 10.0
Long Blades    | 3 |  3.1
Short Blades   | 1 3 5 8 9 11 12 13 | 13.0
Dodging        | 3 4 6 8 10 11 | 11.7
Shields        | 1 2 3 4 6 7 |  7.1
Invocations    | 1 2 |  2.1
Evocations     | 1 |  1.1
Axes           | 1 7 10 | 10.8

Action                   |  1- 3 |  4- 6 |  7- 9 | 10-12 | 13-15 || total
-------------------------+-------+-------+-------+-------+-------++-------
Melee: Falchion          |    46 |       |       |       |       ||    46
       Short sword       |    10 |   149 |   188 |   512 |       ||   859
       Bite              |     4 |     9 |    25 |    75 |    46 ||   159
       Punch             |     1 |     2 |     3 |     9 |       ||    15
       Executioner's axe |       |       |       |     8 |   412 ||   420
Invok: Grow Ballistomyce |       |       |     1 |       |       ||     1
       Wall of Briars    |       |       |       |     2 |       ||     2
       Grow Oklob        |       |       |       |     1 |       ||     1
 Abil: Bat Form          |       |       |     1 |       |       ||     1
       Exsanguinate      |       |       |     1 |       |       ||     1
       Revivify          |       |       |     1 |       |       ||     1
Evoke: Wand              |       |       |     2 |     2 |     1 ||     5
       Lightning rod     |       |       |       |       |     1 ||     1
  Use: Scroll            |     1 |     1 |    11 |     7 |    12 ||    32
       Potion            |       |       |     1 |     9 |     7 ||    17
 Stab: Sleeping          |     2 |     4 |     1 |     6 |     9 ||    22
       Distracted        |       |       |       |       |     6 ||     6
Armor: Leather armour    |    18 |       |       |       |       ||    18
       Scale mail        |     5 |    21 |       |       |       ||    26
       Chain mail        |       |    60 |    53 |       |       ||   113
       Pearl dragon scal |       |       |    20 |   223 |   244 ||   487
Dodge: Dodged            |    29 |    74 |    90 |   375 |   542 ||  1110
Block: Other             |       |       |    43 |   135 |   153 ||   331
       Reflection        |       |       |     4 |       |     4 ||     8
